 Dungeon Crawl Stone Soup version 0.27.0-1-g7a089689b8 (webtiles) character file.

Game seed: 8783221026931331574

319 ZARRMARR the Grave Robber (level 6, 0/43 HPs)
             Began as a Human Necromancer on Aug 12, 2021.
             Slain by a mummy (16 damage)
             ... in an ossuary.
             The game lasted 00:18:31 (5623 turns).

ZARRMARR the Grave Robber (Human Necromancer)       Turns: 5623, Time: 00:18:32

Health: 0/43       AC:  3    Str:  9    XL:     6   Next: 75%
Magic:  11/11      EV: 12    Int: 17    God:
Gold:   103        SH:  0    Dex: 13    Spells: 11/12 levels left

rFire    . . .     SeeInvis .   b - +0 long sword
rCold    . . .     Faith    .   (no shield)
rNeg     . . .     Spirit   .   a - +1 robe
rPois    .         Reflect  .   (no helmet)
rElec    .         Harm     .   (no cloak)
rCorr    .         Rampage  .   (no gloves)
Will     .....                  (no boots)
Stlth    ++........             (no amulet)
HPRegen  0.14/turn              (no ring)
MPRegen  0.12/turn              (no ring)

@: no status effects
A: no striking features
a: no special abilities


You were in an ossuary.
You visited 1 branch of the dungeon, and saw 5 of its levels.
You also visited: Ossuary.

You collected 103 gold pieces.

Inventory:

Hand Weapons
 b - a +0 long sword (weapon)
Missiles
 d - 63 stones (quivered)
Armour
 a - a +1 robe (worn)
Wands
 f - a wand of polymorph (4)
Scrolls
 e - a scroll of acquirement {unknown}
 j - 2 scrolls of teleportation {unknown}
 k - a scroll of enchant armour
 l - a scroll of fear {unknown}
Potions
 g - a potion of ambrosia {unknown}


   Skills:
 + Level 1.4 Fighting
 + Level 1.4 Throwing
 + Level 2.1 Dodging
 + Level 2.6 Stealth
 + Level 3.5 Spellcasting
 + Level 5.9 Necromancy


You had 11 spell levels left.
You knew the following spells:

 Your Spells              Type           Power      Damage    Failure   Level
a - Pain                  Necr           92%        1d8       1%          1

Your spell library contained the following spells:

 Spells                   Type           Power      Damage    Failure   Level
 Animate Skeleton         Necr           46%        N/A       1%          1
 Vampiric Draining        Necr           11%        2d7       4%          3
 Animate Dead             Necr           11%        N/A       14%         4
 Agony                    Necr           23%        N/A       36%         5


Dungeon Overview and Level Annotations

Branches:
Dungeon (5/15)             Temple (0/1) D:5         Ossuary (1/1)

Altars:
Kikubaaqudgha
Nemelex Xobeh
Xom


Message History

The mummy is heavily damaged.
The mummy hits you!
You hit the mummy.
The mummy is almost destroyed.
The mummy barely misses you.
You hit the mummy.
You destroy the mummy!
The mummy hits you! The mummy hits you!!
* * * LOW HITPOINT WARNING * * *
Unknown command.
You feel much better. The mummy closely misses you.
You riposte.
You hit the mummy.
The mummy is moderately damaged.
The mummy closely misses you.
You riposte.
You slash the mummy!
The mummy is moderately damaged.
You barely miss the mummy.
The mummy is moderately damaged.
You hit the mummy but do no damage.
The mummy is moderately damaged.
The mummy hits you. The mummy closely misses you.
You hit the mummy but do no damage.
The mummy is moderately damaged.
The mummy closely misses you.
You riposte.
You hit the mummy.
The mummy is heavily damaged.
The mummy barely misses you.
You riposte.
You hit the mummy.
The mummy is heavily damaged.
You hit the mummy.
The mummy is heavily damaged.
The mummy closely misses you.
You riposte.
You barely miss the mummy.
The mummy is heavily damaged.
The mummy misses you.
You barely miss the mummy.
The mummy is heavily damaged.
The mummy hits you! The mummy barely misses you.
You riposte.
You barely miss the mummy.
The mummy is heavily damaged.
You hit the mummy but do no damage.
The mummy is heavily damaged.
The mummy hits you!
You die...

#.....^.#
##^....##
#...^...#
##^....##
#.......#
##^....##
#.......#
##..^..##
#.^@^...#
##MM...##
##..^(.##
#!..((.?#
#?.(...!#
#?.(...!#
#!.(...?#
##..(..##
##.(.##


You could see 2 mummies.

Vanquished Creatures
  2 hounds
  A jelly (D:4)
  2 centaur zombies (Ossuary)
  4 mummies (Ossuary)
  3 adders
  2 adder skeletons (D:4)
  2 worms
  4 dart slugs
  2 bats
  6 endoplasms
  4 giant cockroaches
  4 goblins
  7 hobgoblins
  6 jackals
  9 kobolds
  3 quokkas
  4 ball pythons
  3 frilled lizards
  A hobgoblin zombie (Ossuary)
  6 rats
75 creatures vanquished.

Notes
Turn   | Place    | Note
-------+----------+-------------------------------------------
     0 | D:1      | ZARRMARR the Human Necromancer began the quest for the Orb.
     0 | D:1      | Reached XP level 1. HP: 13/13 MP: 3/3
   215 | D:1      | Reached XP level 2. HP: 5/19 MP: 0/5
   852 | D:1      | Reached XP level 3. HP: 14/24 MP: 3/6
  1869 | D:2      | Reached XP level 4. HP: 25/30 MP: 2/7
  2101 | D:2      | Reached skill level 5 in Necromancy
  2943 | D:3      | Reached XP level 5. HP: 34/36 MP: 6/9
  3147 | D:3      | Found a faded altar of an unknown god.
  3339 | D:3      | Found a shimmering altar of Xom.
  4469 | D:4      | Found an ancient bone altar of Kikubaaqudgha.
  4469 | D:4      | Found a sparkling altar of Nemelex Xobeh.
  5146 | D:5      | Entered Level 5 of the Dungeon
  5150 | D:5      | Reached XP level 6. HP: 39/42 MP: 7/11
  5161 | D:5      | Found a sand-covered staircase.
  5170 | Ossuary  | Entered an ossuary
  5181 | Ossuary  | Reached skill level 1 in Throwing
  5446 | Ossuary  | Reached skill level 1 in Fighting
  5623 | Ossuary  | Slain by a mummy

Illustrated notes

Levels and vault maps discovered:
D:1:      evilmike_arrival_crescent, layout_basic
D:2:      layout_loops_ring, chequers_mini_garden
D:3:      layout_loops_cross, mainiacjoe_overflow_brackets,
          shapermc_ecumenical_altar_notcrosses, hangedman_decor_points,
          minmay_misc_feat_columns
D:4:      layout_basic, gammafunk_temple_overflow_statue, serial_curves,
          eino_curves_01, eino_curves_01, minmay_strange_pillars,
          hangedman_decor_clover_reticule, chequers_avenue, grunt_decor_fettered
D:5:      layout_cave_pools, mainiacjoe_overflow_six_doors_small,
          minmay_temple_entry_sparse_star, enter_ossuary_4,
          kennysheep_cross_room, uniq_crazy_yiuf_cottage
Ossuary:  ossuary_the_hunt_dpeg

Skill      XL: |  1  2  3  4  5  6 |
---------------+-------------------+-----
Necromancy     | 5 |  5.9
Spellcasting   | 3 |  3.5
Throwing       | 1 |  1.4
Fighting       | 1 |  1.4
Dodging        | |  2.1
Stealth        | |  2.6

Action                   |  1- 3 |  4- 6 || total
-------------------------+-------+-------++-------
Melee: Long sword        |    22 |    72 ||    94
Throw: Stone             |     5 |    46 ||    51
       Javelin           |       |     7 ||     7
 Cast: Pain              |    57 |    80 ||   137
Evoke: Wand              |       |     1 ||     1
  Use: Scroll            |     2 |     2 ||     4
       Potion            |       |     2 ||     2
Armor: Robe              |    10 |    18 ||    28
Dodge: Dodged            |    25 |    93 ||   118
       Rpst.: Long sword |     3 |    26 ||    29
